AoeStats
← 懿

African Clearing

505191134Analyzed
4v4 RM · 24d ago on Sep 8, 2026· 68m 13s· 8 players
Game mode
Random Map
Map size
Large (8 player)
Population
200
Speed
Normal
Resources
Standard
Victory
Conquest
Starting age
Dark Age
Ending age
Imperial Age
RankedLock teamsTeams togetherTeam positionsShared explorationLock speedFull tech treeHidden civsTurbo modeCheats
Victory
Defeat
1123
+14
🇹🇷 Britons · Türkiye
1004
+19
🇩🇪 Muisca · Germany
994
+19
🇨🇳 Persians · China
954
+21
🇹🇼 Huns · Taiwan
1102
-20
🇯🇵 Mapuche · Japan
1071
-18
🇭🇰 Persians · Hong Kong SAR China
1050
-18
🇨🇳 Wei · China
1036
-17
diepat
4:09 Loom
16:16 Feudal Age
17:01 Double-Bit Axe
18:50 Town Watch
22:49 Castle Age
21:51 Gold Mining
21:51 Stone Mining
23:09 Bloodlines
23:32 Forging
27:47 Wheelbarrow
27:54 Wheelbarrow
29:18 Iron Casting
33:04 Imperial Age
31:13 Hand Cart
32:45 Cavalier
33:47 Conscription
34:30 Blast Furnace
37:03 Gold Shaft Mining
36:38 Scale Barding Armor
36:25 Fletching
36:45 Husbandry
37:46 Bow Saw
37:24 Fishing Lines
39:41 Gillnets
40:05 Savar
43:10 Chain Barding Armor
43:03 Horse Collar
45:57 Bodkin Arrow
47:05 Plate Barding Armor
50:47 Heavy Plow
51:32 Light Cavalry
54:17 Bodkin Arrow
54:06 Hussar
55:19 Scale Mail Armor
59:14 Kamandaran
59:21 Crossbowman
60:06 Thumb Ring
59:52 Elite Skirmisher
61:24 Parthian Tactics
61:16 Padded Archer Armor
懿
16:14 Feudal Age
19:58 Castle Age
17:46 Loom
29:56 Pikeman
32:19 Horse Collar
33:45 Gold Mining
33:57 Double-Bit Axe
39:58 Imperial Age
38:32 Wheelbarrow
39:34 Hand Cart
39:48 Scale Barding Armor
39:44 Scale Mail Armor
40:10 Husbandry
40:31 Bow Saw
41:01 Gold Shaft Mining
40:49 Chain Barding Armor
40:53 Cavalier
40:58 Light Cavalry
41:48 Bloodlines
42:12 Hussar
43:08 Paladin
47:10 Plate Barding Armor
49:19 Squires
49:05 Arson
49:12 Halberdier
BIY
13:12 Feudal Age
18:50 Castle Age
16:53 Double-Bit Axe
16:53 Horse Collar
21:15 Bow Saw
22:52 Heavy Plow
24:47 Wheelbarrow
26:13 Fletching
26:24 Padded Archer Armor
27:30 Bodkin Arrow
27:51 Leather Archer Armor
32:56 Imperial Age
32:21 Ballistics
32:12 Masonry
32:28 Gold Mining
33:39 Hand Cart
34:38 Parthian Tactics
34:52 Ring Archer Armor
34:22 Bracer
34:42 Capped Ram
36:34 Chemistry
36:30 Thumb Ring
37:01 Siege Ram
46:04 Heavy Hei Guang Cavalry
46:46 Husbandry
46:58 Bloodlines
48:57 Forging
48:53 Scale Barding Armor
50:41 Iron Casting
51:07 Ming Guang Armor
50:44 Tuntian
51:51 Chain Barding Armor
52:59 Blast Furnace
168kcal
5:59 Loom
14:42 Feudal Age
20:30 Wheelbarrow
23:17 Castle Age
22:07 Stone Mining
22:15 Double-Bit Axe
22:42 Gold Mining
25:18 Wheelbarrow
24:56 Bow Saw
26:59 Fletching
42:12 Imperial Age
39:51 Pikeman
41:16 Scale Mail Armor
41:32 Forging
42:17 Halberdier
42:58 Scale Mail Armor
43:08 Forging
44:35 Chain Mail Armor
45:40 Iron Casting
46:30 Plate Mail Armor
60:09 Padded Archer Armor
60:33 Town Watch
60:45 Bodkin Arrow
61:59 Leather Archer Armor
follow the white rabbit Δ
4:15 Loom
16:04 Feudal Age
16:51 Double-Bit Axe
18:23 Wheelbarrow
18:49 Fishing Lines
22:46 Castle Age
21:07 Stone Mining
23:48 Hand Cart
23:28 Gillnets
27:27 Bow Saw
27:20 Horse Collar
27:59 Town Watch
29:23 Heavy Plow
30:03 Gold Mining
30:58 Fletching
32:00 Gold Shaft Mining
34:51 Imperial Age
33:12 Scale Barding Armor
33:30 Corvinian Army
34:22 Chain Barding Armor
36:33 Plate Barding Armor
36:21 Conscription
36:36 Elite Magyar Huszar
37:37 Conscription
41:44 Padded Archer Armor
47:01 Chemistry
49:55 Caravan
52:50 Crop Rotation
64:23 Recurve Bow
67:49 Spies/Treason
colafantahunter
17:15 Feudal Age
17:27 Loom
19:39 Double-Bit Axe
19:34 Horse Collar
24:07 Stone Mining
24:08 Gold Mining
26:35 Castle Age
25:14 Wheelbarrow
24:25 Town Watch
27:41 Heavy Plow
27:54 Bow Saw
28:25 Stone Shaft Mining
32:25 Gold Shaft Mining
33:50 Forging
33:41 Scale Mail Armor
34:30 Pikeman
35:30 Hand Cart
37:14 Sanctity
37:06 Fervor
39:31 Imperial Age
37:31 Chain Mail Armor
37:44 Squires
38:25 Iron Casting
38:28 Hand Cart
40:43 Crop Rotation
40:41 Conscription
41:55 Two-Man Saw
41:45 Illumination
41:38 Block Printing
42:08 Theocracy
41:42 Town Patrol
41:05 Elite Temple Guard
42:46 Plate Mail Armor
Lethe
4:09 Loom
16:35 Feudal Age
22:49 Castle Age
23:34 Fletching
24:04 Stone Mining
24:02 Double-Bit Axe
24:19 Gold Mining
24:26 Bodkin Arrow
24:32 Padded Archer Armor
28:12 Padded Archer Armor
40:22 Leather Archer Armor
41:39 Gold Shaft Mining
41:15 Bow Saw
42:58 Heated Shot
43:28 Ballistics
47:38 Yeomen
46:48 Pikeman
47:29 Squires
48:14 Town Watch
49:04 Wheelbarrow
54:54 Hand Cart
54:39 Town Patrol
55:15 Fortified Wall
60:51 Horse Collar
64:56 Imperial Age
66:34 Ring Archer Armor
66:04 Bracer
67:07 Chemistry
67:25 Heavy Plow
68:36 Two-Man Saw
67:30 Spies/Treason
67:33 Elite Longbowman
68:18 Warwolf
178296399
4:37 Loom
15:01 Feudal Age
19:31 Castle Age
24:45 Double-Bit Axe
25:45 Horse Collar
31:06 Heavy Plow
36:00 Imperial Age
33:58 Gold Mining
33:58 Stone Mining
35:01 Wheelbarrow
34:11 Town Watch
36:38 Cavalier
37:41 Conscription
38:06 Scale Barding Armor
38:01 Scale Mail Armor
38:11 Forging
39:01 Hand Cart
39:36 Chain Barding Armor
39:31 Thumb Ring
40:06 Gold Shaft Mining
40:06 Stone Shaft Mining
38:54 Crossbowman
40:33 Crop Rotation
40:19 Town Patrol
40:40 Bloodlines
40:30 Husbandry
42:35 Chemistry
42:55 Bow Saw
43:20 Savar
45:21 Plate Barding Armor
45:01 Chain Mail Armor
45:21 Iron Casting
45:39 Capped Ram
47:58 Plate Mail Armor
47:21 Fletching
47:32 Padded Archer Armor
49:54 Blast Furnace
48:50 Bodkin Arrow
48:42 Elite War Elephant
53:02 Leather Archer Armor
52:51 Pikeman
53:32 Squires
53:17 Arson
53:04 Light Cavalry
53:55 Siege Ram
58:14 Ring Archer Armor
58:00 Hussar
60:44 Two-Man Saw
66:45 Halberdier
Connection lost

Rejoining the realm…

Still unreachable

The connection could not be restored.

Session expired

The server has moved on; the page needs a fresh start.